 Dungeon Sprint DCSS version 0.22-a0-570-g58866f5 (webtiles) character file.

1266 twistedcrescendo the Impaler (level 8, -1/129 HPs)
             Began as a Minotaur Berserker on June 30, 2018.
             Was a Priest of Trog.
             Slain by a centaur warrior (13 damage)
             ... in the Dungeon (Sprint I: "Red Sonja").
             The game lasted 00:06:14 (678 turns).

twistedcrescendo the Impaler (Minotaur Berserker)    Turns: 678, Time: 00:06:15

Health: -1/129     AC:  3    Str: 27    XL:     8   Next: 27%
Magic:  7/7        EV: 14    Int:  4    God:    Trog [***...]
Gold:   129        SH:  0    Dex: 12    Spells: 7/7 levels left

rFire    + . .     SeeInvis .   a - +0 spear
rCold    x . .     Gourm    .   (no shield)
rNeg     . . .     Faith    .   k - +0 leather armour {rPois}
rPois    +         Spirit   .   (helmet restricted)
rElec    .         Reflect  .   (no cloak)
rCorr    .         Harm     .   (no gloves)
MR       ++...     NoTele   +   (no boots)
Stlth    ..........             (no amulet)
HPRegen  1.31/turn              n - ring of fire
MPRegen  0.10/turn              (no ring)

@: berserking, regenerating, slow
A: retaliatory headbutt, horns 2
a: Berserk, Trog's Hand, Renounce Religion


You were in the Dungeon.
You worshipped Trog.
Trog was most pleased with you.
You were hungry.

You visited 1 branch You collected 297 gold pieces.
You spent 168 gold pieces at shops.

Inventory:

Hand Weapons
 a - a +0 spear (weapon)
 j - a +0 scythe
Armour
 b - a +0 animal skin
 k - a +0 leather armour of poison resistance (worn)
Jewellery
 n - a ring of fire (left hand)
Scrolls
 i - a scroll of blinking
 l - 2 scrolls of remove curse
 o - a scroll of fog
Potions
 d - a potion of curing
 e - a potion of heal wounds
 f - a potion of haste
 g - 2 potions of magic
 h - a potion of berserk rage
Comestibles
 c - a ration


   Skills:
 + Level 13.1 Fighting
 - Level 15.6 Polearms
 - Level 5.3 Armour
 - Level 5.0 Dodging


You had 7 spell levels left.
You didn't know any spells.
Your spell library was empty.

Dungeon Overview and Level Annotations

Branches:
Dungeon (1/1)

Altars:
Cheibriados
Dithmenos
Elyvilon
Fedhas
Gozag
Hepliaklqana
Kikubaaqudgha
Makhleb
Nemelex Xobeh
Okawaru
Qazlal
Ru
Sif Muna
Trog
Uskayaw
Vehumet
Wu Jian
Xom
Yredelemnul
Zin
The Shining One
Jiyva
Lugonu

Shops:
D *


Innate Abilities, Weirdness & Mutations

You reflexively headbutt those who attack you in melee.
You have a pair of horns on your head.


Message History

Your headbutt misses the centaur warrior.
The centaur warrior is heavily wounded.
Your unstable footing causes you to fumble your attack.
The centaur warrior barely misses you. You furiously retaliate!
You headbutt the centaur warrior.
Your unstable footing causes you to fumble your attack.
You puncture the centaur warrior!
The centaur warrior is almost dead.
The centaur warrior misses you.
You barely miss the centaur warrior.
The centaur warrior is almost dead.
Your unstable footing causes you to fumble your attack.
The centaur warrior hits you!
* * * LOW HITPOINT WARNING * * *
You hit the centaur warrior.
The centaur warrior is almost dead.
You puncture the centaur warrior!
The centaur warrior is almost dead.
The centaur warrior hits you!
You die...

#################
.#..').#..'..#__#
.'..#..'[.#..'..+
.#####'#####'#__####
.####..#...#(####§§#
.#__####..##§#§§§§§#
.#_____##'#_§'§≈@§§+
⌠#_.∩...'..._#(≈§c§#
##_..__##_.#§##+####
#_____###+#.#
####### ###


You could see a centaur warrior.

Vanquished Creatures
  A centaur warrior (D)
  A slime creature (D)
  Sigmund (D)
  A yak (D)
  An ogre (D)
  A jelly (D)
  Ijyb (D)
7 creatures vanquished.

Vanquished Creatures (others)
  A gargoyle (D)
1 creature vanquished.

Grand Total: 8 creatures vanquished

Notes
Turn   | Place    | Note
-------+----------+-------------------------------------------
     0 | D        | twistedcrescendo the Minotaur Berserker began the quest for the Orb.
     0 | D        | Reached XP level 1. HP: 19/19 MP: 0/0
     1 | D        | Noticed Ijyb
     8 | D        | Killed Ijyb
     8 | D        | Reached skill level 5 in Fighting
     8 | D        | Reached skill level 5 in Polearms
     8 | D        | Reached XP level 2. HP: 29/29 MP: 1/1
    73 | D        | Noticed an ogre
    82 | D        | Killed an ogre
    82 | D        | Reached skill level 7 in Polearms
    82 | D        | Reached XP level 3. HP: 12/40 MP: 2/2
    82 | D        | Reached XP level 4. HP: 15/48 MP: 3/3
   245 | D        | Killed a gargoyle
   317 | D        | Noticed Sigmund
   332 | D        | Killed Sigmund
   332 | D        | Reached ** piety under Trog
   332 | D        | Reached skill level 9 in Polearms
   332 | D        | Reached skill level 5 in Armour
   332 | D        | Reached skill level 5 in Dodging
   332 | D        | Reached XP level 5. HP: 56/58 MP: 4/4
   348 | D        | Found a burning altar of Makhleb.
   348 | D        | Found a shimmering altar of Xom.
   348 | D        | Noticed a slime creature
   353 | D        | Killed a slime creature
   353 | D        | Reached skill level 12 in Polearms
   353 | D        | Reached XP level 6. HP: 68/68 MP: 5/5
   354 | D        | Found a viscous altar of Jiyva.
   354 | D        | Found a corrupted altar of Lugonu.
   355 | D        | Found an ornate altar of the Wu Jian Council.
   355 | D        | Found a deep blue altar of Sif Muna.
   357 | D        | Found a radiant altar of Vehumet.
   378 | D        | Found Wetahan's Assorted Antiques.
   378 | D        | Found an ancient bone altar of Kikubaaqudgha.
   378 | D        | Found a hazy altar of Hepliaklqana.
   378 | D        | Found a hide-covered altar of Uskayaw.
   378 | D        | Found a basalt altar of Yredelemnul.
   378 | D        | Found an opulent altar of Gozag.
   378 | D        | Found a snail-covered altar of Cheibriados.
   378 | D        | Found a sacrificial altar of Ru.
   378 | D        | Found a shadowy altar of Dithmenos.
   378 | D        | Noticed a yak
   388 | D        | Killed a yak
   388 | D        | Reached *** piety under Trog
   388 | D        | Reached skill level 13 in Polearms
   388 | D        | Reached XP level 7. HP: 17/75 MP: 6/6
   389 | D        | Found a stormy altar of Qazlal.
   389 | D        | Found a blossoming altar of Fedhas.
   389 | D        | Found a bloodstained altar of Trog.
   389 | D        | Found an iron altar of Okawaru.
   389 | D        | Found a glowing golden altar of the Shining One.
   389 | D        | Found a glowing silver altar of Zin.
   389 | D        | Found a white marble altar of Elyvilon.
   393 | D        | Found a sparkling altar of Nemelex Xobeh.
   397 | D        | Bought a scroll labeled FASKA NOEPHEO for 24 gold pieces
   397 | D        | Bought a glowing gilded ring for 120 gold pieces
   397 | D        | Bought a scroll labeled OWKUJI WOKYCVU for 24 gold pieces
   656 | D        | Noticed a centaur warrior
   656 | D        | Noticed a centaur warrior
   667 | D        | Killed a centaur warrior
   667 | D        | Reached skill level 15 in Polearms
   667 | D        | Reached XP level 8. HP: 22/86 MP: 7/7
   678 | D        | Slain by a centaur warrior

Vault maps used:
D:        dungeon_sprint_1

Skill      XL: |  1  2  3  4  5  6  7 |
---------------+----------------------+-----
Fighting       | 5 7 9 11 13 | 13.1
Polearms       | 5 7 9 12 13 15 | 15.6
Armour         | 3 4 5 |  5.3
Dodging        | 3 5 |  5.0

Action                   |  1- 3 |  4- 6 |  7- 9 || total
-------------------------+-------+-------+-------++-------
Melee: Spear             |    14 |    32 |    18 ||    64
       Headbutt          |     3 |     7 |     2 ||    12
Invok: Berserk           |     2 |     1 |     1 ||     4
       Trog's Hand       |       |       |     1 ||     1
  Use: Scroll            |       |       |     2 ||     2
  Eat: Chunk             |       |       |     2 ||     2
Armor: Animal skin       |     1 |       |       ||     1
Dodge: Dodged            |     4 |    12 |     9 ||    25

Table legend:
 A = Spawn XP
 B = Non-spawn XP
 C = Spawn XP percentage of total XP
 D = Spawn monster count
 E = Non-spawn monster count
 F = Spawn count percentage of total count
 G = Total turns spent on level
                    A         B        C        D         E        F      G
               +---------+---------+-------+---------+---------+-------+---------
         Total |       0 |    1809 |   0.0 |       0 |       7 |   0.0 |   678
               +---------+---------+-------+---------+---------+-------+---------
             D |       0 |    1809 |   0.0 |       0 |       7 |   0.0 |   678
               +---------+---------+-------+---------+---------+-------+---------
